 Dungeon Crawl Stone Soup version 0.30-a0-857-gcaf70739d4 (webtiles) character file.

Game seed: 5781976227897889494

2800 Esekla the Covert (level 9, -2/60 (61) HPs)
             Began as an Octopode Delver on Mar 6, 2023.
             Was an Initiate of Gozag.
             Slain by an orc knight
             ... wielding a +0 halberd
              (24 damage)
             ... in a bailey.
             The game lasted 00:47:04 (7697 turns).

Esekla the Covert (Octopode Delver)                 Turns: 7697, Time: 00:47:04

HP:   -2/60 (61)    AC:  7    Str: 11    XL:     9   Next: 71%
MP:   15/15         EV: 15    Int: 16    God:    Gozag
Gold: 472           SH:  0    Dex: 14    Spells: 11/16 levels left

rFire   . . .      SeeInvis .    a - +5 falchion (freeze)
rCold   . . .      Faith    .    (no shield)
rNeg    . . .      Spirit   .    (helmet restricted)
rPois   .          Reflect  .    (no amulet)
rElec   .          Rampage  .    y - ring of flight
rCorr   .                        (no ring)
Will    .....                    (no ring)
Stlth   +++++                    (no ring)
HPRegen 0.30/turn                (no ring)
MPRegen 0.14/turn                (no ring)
                                 (no ring)
                                 (no ring)

@: brilliant, ice-armoured, wereblooded, gold aura, flying, studying Throwing,
lightly drained
A: almost no armour, amphibious, 8 rings, camouflage 1, gelatinous body 1,
(nimble swimmer 1), tentacles
a: Renounce Religion, Potion Petition, Call Merchant, Bribe Branch


You were in a bailey.
You worshipped Gozag.
Gozag was aware of your devotion.
You visited 2 branches of the dungeon, and saw 9 of its levels.
You also visited: Bailey.

You collected 1191 gold pieces.
You paid 719 gold pieces to Gozag.

Inventory:

Hand Weapons
 a - a +5 falchion of freezing (weapon)
 e - a +3 halberd of draining
 k - a +1 spear of freezing
 s - a +0 dagger
Missiles
 j - a boomerang (quivered)
 x - 7 poisoned darts
 I - 2 throwing nets
Armour
 A - a +0 kite shield
Jewellery
 y - a ring of flight (left tentacle)
Wands
 f - a wand of digging (1)
 w - a wand of flame (45)
 E - a wand of quicksilver (8)
Scrolls
 h - 2 scrolls of silence
 p - a scroll of summoning {unknown}
 t - a scroll of poison {unknown}
 v - a scroll of brand weapon
 C - 2 scrolls of enchant weapon
 G - a scroll of acquirement {unknown}
 H - a scroll of enchant armour {unknown}
Potions
 c - a potion of mutation {unknown}
 i - 4 potions of flight
 l - a potion of curing
 m - a potion of might {unknown}
 n - 3 potions of ambrosia
 q - 3 potions of resistance
 u - 2 potions of attraction
 z - a potion of invisibility {unknown}
 B - a potion of heal wounds {unknown}
 D - a potion of magic


   Skills:
 * Level 5.5 Fighting
 + Level 2.1(5.0) Short Blades
 * Level 7.1(7.3) Long Blades
 + Level 3.3 Throwing
 * Level 4.9 Dodging
 - Level 10.0 Stealth
 * Level 4.1 Spellcasting
 * Level 1.4 Transmutations
 * Level 3.2 Ice Magic


You had 11 spell levels left.
You knew the following spells:

 Your Spells              Type           Power      Damage    Failure   Level
a - Ozocubu's Armour      Ice            20%        N/A       13%         3
w - Wereblood             Tmut           12%        N/A       14%         2

Your spell library contained the following spells:

 Spells                   Type           Power      Damage    Failure   Level
 Summon Small Mammal      Summ           16%        N/A       17%         1
 Sublimation of Blood     Necr           4%         N/A       26%         2
 Call Canine Familiar     Summ           4%         N/A       45%         3
 Summon Guardian Golem    Hex/Summ       4%         N/A       45%         3
 Metabolic Englaciation   Hex/Ice        6%         N/A       93%         5
 Haunt                    Necr/Summ      2%         N/A       100%        7
 Summon Hydra             Summ           2%         N/A       100%        7
 Infestation              Necr           2%         N/A       100%        8
 Animate Dead             Necr           Unusable   N/A       N/A         4
 Simulacrum               Ice/Necr       Unusable   N/A       N/A         6

Dungeon Overview and Level Annotations

Branches:
Dungeon (8/15)             Temple (1/1) D:5          Bailey (1/1)
   Lair: D:8-11

Altars:
Ashenzari
Cheibriados
Dithmenos
Elyvilon
Fedhas
Gozag
Hepliaklqana
Kikubaaqudgha
Makhleb
Nemelex Xobeh
Okawaru
Qazlal
Ru
Sif Muna
Trog
Uskayaw
Vehumet
Wu Jian
Xom
Yredelemnul
Zin
The Shining One

Shops:
D:2 =   D:5 (

Annotations:
D:5 ice beast & ogre
D:7 Dowan


Innate Abilities, Weirdness & Mutations

You cannot wear most types of armour.
You are amphibious.
You can wear up to eight rings at the same time.
Your skin changes colour to match your surroundings (Stealth+).
Your rubbery body absorbs attacks. (AC +1, EV +1)
((You are camouflaged when in or above water. (Stealth+)))
You have tentacles for arms and can constrict up to eight enemies at once.


Message History

There is an open door here.
Casting: Ozocubu's Armour (dangerous; 13% risk of failure)
Confirm with . or Enter, or press ? or * to list all spells.
A film of ice covers your body! The gnoll closely misses you.
Your +5 falchion of freezing glows with a cold blue light!
a - a +5 falchion of freezing (weapon)
The gnoll misses you. The gnoll hits you but does no damage.
You feel drained.
Casting: Ozocubu's Armour (dangerous; 13% risk of failure)
Confirm with . or Enter, or press ? or * to list all spells.
Your blood is infused with primal strength.
The gnoll hits you but does no damage. The gnoll misses you.
You barely miss the gnoll. Your grab misses the gnoll. You squeeze the gnoll!
The gnoll is heavily wounded.
You slash the gnoll! You freeze the gnoll.
You feel a bit better.
You kill the gnoll!
Okay, then.
It was a potion of magic.
Magic courses through your body.
Press: ? - help, v - describe, . - travel
Here: an orc knight, wielding a +0 halberd An open door.
Unknown command.
Okay, then.
Unknown command.
It was a potion of brilliance.
You feel clever all of a sudden.
The orc knight hits you from afar with a +0 halberd!
Okay, then.
Okay, then.
Aiming: Quicksilver Bolt
Press: ? - help, Shift-Dir - straight line, f - gnoll
Aim: a gnoll, wielding a +2 halberd of draining (75% to hit)
The bolt of dispelling energy misses the orc knight.
The bolt of dispelling energy misses the gnoll.
You howl as the wereblood boils in your veins!
The orc knight hits you from afar with a +0 halberd!
As you read the scroll of fog, it crumbles to dust.
The scroll dissolves into smoke.
The orc knight hits you from afar with a +0 halberd!!
You die...
Your body crumbles into a pile of gold.

### ### ##### ### ###
#∩###.###§og###)###)#
##'##'##@###'##'##'##
##...§§## ##.....##
###...§§#####.....###
#)'..∩..'.#)'..⌠..'.#
###.....#####.....###
##.....## ##.....##
##'##'##+###'##'##'##
#.###)###.#.###.###)#
### ### ##### ### #'#


You could see an orc knight.

Vanquished Creatures
  Pikel (D:7)
  Maggie (D:7)
  Sigmund (D:2)
  Menkaure (D:7)
  Edmund (D:6)
  A water moccasin (D:7)
  A black bear (D:5)
  An ice beast (D:5)
  2 sky beasts
  2 centaurs
  A phantom (D:4)
  A lemure (D:7)
  2 bullfrogs
  3 scorpions
  A wight (D:8)
  A howler monkey (D:6)
  A jelly (D:4)
  2 hounds
  A gnoll bouda (D:7)
  Jessica (D:2)
  3 iguanas
  Terence (D:2)
  An orc wizard (D:4)
  Ijyb (D:3)
  14 gnolls
  8 adders
  A white imp (D:8)
  3 worms
  7 dart slugs
  27 orcs
  4 bats
  3 endoplasms (D:1)
  8 giant cockroaches
  6 goblins
  7 hobgoblins
  4 quokkas
  5 ball pythons
  3 frilled lizards
  8 kobolds
  8 rats
148 creatures vanquished.

Notes
Turn   | Place    | Note
-------+----------+-------------------------------------------
     0 | D:5      | Esekla the Octopode Delver began the quest for the Orb.
     0 | D:5      | Reached XP level 1. HP: 16/16 MP: 1/1
    28 | D:5      | Noticed a black bear
    35 | D:5      | Found a staircase to the Ecumenical Temple.
    40 | D:5      | Noticed an ogre
    45 | D:5      | Noticed an iguana
    52 | D:5      | Killed an iguana
    53 | D:5      | Reached skill level 7 in Stealth
    53 | D:5      | Reached XP level 2. HP: 21/21 MP: 2/2
    53 | D:5      | Reached XP level 3. HP: 26/26 MP: 3/3
    62 | D:5      | Noticed an ice beast
    94 | Temple   | Entered the Ecumenical Temple
   213 | Temple   | Became a worshipper of Gozag Ym Sagoz the Greedy
   427 | D:3      | Noticed Ijyb
   549 | D:2      | Identified the +8 mace of Glory {drain, *Corrode rElec
                  | Will+ Int+3}
   743 | D:3      | Reached XP level 4. HP: 31/31 MP: 5/5
   764 | D:3      | Reached skill level 1 in Spellcasting
  1872 | D:2      | Noticed Terence
  1885 | D:2      | Noticed Sigmund
  1889 | D:2      | Killed Sigmund
  1890 | D:2      | Reached skill level 8 in Stealth
  1890 | D:2      | Reached XP level 5. HP: 37/37 MP: 5/7
  1890 | D:2      | Reached XP level 6. HP: 43/43 MP: 5/8
  2094 | D:2      | Noticed Jessica
  2125 | D:2      | Killed Jessica
  2150 | D:2      | Killed Terence
  2273 | D:2      | Found Xisu's Jewellery Emporium.
  2736 | D:3      | Killed Ijyb
  2737 | D:3      | Reached skill level 9 in Stealth
  3045 | D:4      | Reached skill level 1 in Short Blades
  3045 | D:4      | Reached XP level 7. HP: 47/47 MP: 10/10
  3108 | D:4      | Learned a level 3 spell: Ozocubu's Armour
  3924 | D:5      | Identified the +0 robe of the Valley {rN+ Regen+}
  4050 | D:5      | Reached skill level 10 in Stealth
  4050 | D:5      | Reached skill level 1 in Ice Magic
  4050 | D:5      | Reached XP level 8. HP: 51/54 MP: 12/12
  4275 | D:5      | Reached skill level 1 in Throwing
  4740 | D:6      | Noticed Edmund
  4853 | D:6      | Killed Edmund
  5470 | D:7      | Reached skill level 5 in Long Blades
  5710 | D:7      | Noticed Maggie
  5754 | D:7      | Killed Maggie
  5755 | D:7      | Reached skill level 5 in Fighting
  5755 | D:7      | Reached XP level 9. HP: 44/61 MP: 14/14
  5825 | D:7      | Noticed Pikel
  6067 | D:7      | Learned a level 2 spell: Wereblood
  6076 | D:7      | Noticed Menkaure
  6317 | D:7      | Found a hide-covered altar of Uskayaw.
  6318 | D:7      | Found a snail-covered altar of Cheibriados.
  6318 | D:7      | Found a white marble altar of Elyvilon.
  6318 | D:7      | Found a stormy altar of Qazlal.
  6323 | D:7      | Found a glowing golden altar of the Shining One.
  6487 | D:7      | Killed Pikel
  6488 | D:7      | Reached skill level 1 in Transmutations
  6784 | D:7      | Killed Menkaure
  6793 | D:7      | Noticed Dowan
  7231 | D:8      | Found a flagged portal.
  7285 | Bailey   | Entered a bailey
  7640 | Bailey   | Noticed an orc knight
  7697 | Bailey   | Slain by an orc knight

Illustrated notes

Levels and vault maps discovered:
D:1:      dpeg_arrival_three_same_balls, layout_basic, minmay_surrounded
D:2:      layout_basic, serial_shops, shop, uniq_terence, uniq_sigmund,
          uniq_jessica
D:3:      layout_basic, uniq_ijyb
D:4:      layout_basic
D:5:      layout_cave_pools, minmay_temple_entry_statues,
          minmay_stone_trees_small, grunt_decor_fettered
D:6:      nicolae_cairo_tiling, layout_layer_cave, uniq_edmund
D:7:      layout_basic, minitemple, uniq_pikel, uniq_duvessa, uniq_menkaure,
          uniq_maggie
D:8:      minmay_the_grid_octo_2x2 [minmay_the_grid_octo_77,
          minmay_the_grid_octo_horde, minmay_the_grid_octo_teeth,
          minmay_the_grid_octo_prize_big_c], layout_basic, enter_bailey_5,
          st_stairs_5
Temple:   minmay_crystal_spiral_temple
Bailey:   bailey_polearm_nasty_gnolls, bailey

Skill      XL: |  1  2  3  4  5  6  7  8  9 |
---------------+----------------------------+-----
Stealth        | 7 8 9 10 | 10.0
Spellcasting   | 1 2 3 4 |  4.1
Long Blades    | 3 6 7 |  7.1
Short Blades   | 1 2 |  2.1
Dodging        | 3 4 |  4.9
Fighting       | 4 5 |  5.5
Ice Magic      | 1 2 3 |  3.2
Throwing       | 2 3 |  3.3
Transmutations | 1 |  1.4

Action                     |  1- 3 |  4- 6 |  7- 9 || total
---------------------------+-------+-------+-------++-------
  Melee: Falchion          |    32 |    70 |    45 ||   147
         Constrict         |     8 |    23 |    32 ||    63
         Tentacles         |     7 |    17 |    33 ||    57
         Punch             |     1 |       |     5 ||     6
         Dagger            |       |    33 |    38 ||    71
         Long sword        |       |       |    80 ||    80
  Throw: Boomerang         |       |     3 |     1 ||     4
         Dart              |       |       |    26 ||    26
   Cast: Ozocubu's Armour  |       |       |     7 ||     7
         Wereblood         |       |       |     1 ||     1
 Invoke: Call Merchant     |       |       |     1 ||     1
  Evoke: Wand              |     1 |     1 |     1 ||     3
    Use: Scroll            |     2 |       |    17 ||    19
         Potion            |     1 |       |     7 ||     8
   Stab: Sleeping          |     4 |    27 |    29 ||    60
         Distracted        |       |       |     2 ||     2
 Armour: Skin              |     1 |     4 |    19 ||    24
  Dodge: Dodged            |    17 |    40 |   116 ||   173

Table legend: (Time is in decaauts)
 A = Elapsed time spent in this place.
 B = Non-inter-level travel time spent in this place.
 C = Inter-level travel time spent in this place.
 D = Time resting spent in this place.
 E = Time spent auto-exploring this place.
 F = Levels seen in this place.
 G = Mean time per level.
                   A        B        C        D        E       F      G
               +--------+--------+--------+--------+--------+-----+--------+
         Total |   7652 |   7389 |    263 |    977 |   2182 |  10 |  765.2 |
       Dungeon |   7049 |   6867 |    182 |    828 |   2084 |   8 |  881.1 |
        Temple |    200 |    119 |     81 |      0 |     98 |   1 |  200.0 |
        Bailey |    402 |    402 |      0 |    149 |      0 |   1 |  402.0 |
               +--------+--------+--------+--------+--------+-----+--------+

Top non-repeatable levels by time:
     D:6: 1378 daAuts
     D:7: 1298 daAuts
     D:1: 1024 daAuts
     D:2: 939 daAuts
     D:4: 854 daAuts
     D:3: 648 daAuts
     D:5: 639 daAuts
  Bailey: 402 daAuts
     D:8: 266 daAuts
  Temple: 200 daAuts
